 Dungeon Crawl Stone Soup version 0.22-a0-322-g60b3cfd (webtiles) character file.

174 xccam the Covered (level 5, -2/43 HPs)
             Began as a Gnoll Wanderer on Apr 4, 2018.
             Slain by Terence
             ... wielding a +0 flail of draining
              (4 damage)
             ... on level 3 of the Dungeon.
             The game lasted 00:06:00 (2195 turns).

xccam the Covered (Gnoll Wanderer)                  Turns: 2195, Time: 00:06:01

Health: -2/43      AC:  5    Str: 17    XL:     5   Next: 54%
Magic:  7/7        EV: 10    Int: 15    God:
Gold:   128        SH:  0    Dex: 15    Spells: 7/7 levels left

rFire    . . .     SeeInvis .   d - +0 mace
rCold    . . .     Gourm    .   (no shield)
rNeg     . . .     Faith    .   c - +0 ring mail
rPois    .         Spirit   .   (no helmet)
rElec    .         Reflect  .   (no cloak)
rCorr    .         Harm     .   (no gloves)
MR       .....                  (no boots)
Stlth    +.........             (no amulet)
HPRegen  0.14/turn              g - +3 ring of dexterity
MPRegen  0.10/turn              o - ring of flight

@: heavily drained
A: distributed training, fangs 1, strong nose
a: Evoke Flight


You were on level 3 of the Dungeon.
You were hungry.

You visited 1 branch of the dungeon, and saw 3 of its levels.

You collected 128 gold pieces.

Inventory:

Hand Weapons
 a - a +2 shortbow
 d - a +0 mace (weapon)
Missiles
 b - 41 arrows
 p - 3 javelins (quivered)
Armour
 c - a +0 ring mail (worn)
Jewellery
 g - a +3 ring of dexterity (left hand)
 o - a ring of flight (right hand)
 s - a +2 ring of strength {unknown}
Wands
 w - a wand of polymorph (22)
Scrolls
 h - a scroll of enchant weapon {unknown}
 j - 4 scrolls of amnesia {unknown}
 n - 2 scrolls of fear {unknown}
 r - a scroll of blinking {unknown}
 u - 2 scrolls of remove curse {unknown}
Potions
 e - a potion of might {unknown}
 i - a potion of berserk rage {unknown}
 l - a potion of degeneration {unknown}
 m - a potion of haste {unknown}
 q - 3 potions of flight {unknown}
 v - a potion of ambrosia {unknown}
Comestibles
 f - 12 rations
 t - 3 chunks of flesh


   Skills:
 + Level 4.8(2.7) Fighting
 + Level 1.5(0.0) Short Blades
 + Level 1.5(0.0) Long Blades
 + Level 1.5(0.0) Axes
 + Level 4.8(2.7) Maces & Flails
 + Level 1.5(0.0) Polearms
 + Level 1.5(0.0) Staves
 + Level 1.5(0.0) Slings
 + Level 4.8(2.7) Bows
 + Level 1.5(0.0) Crossbows
 + Level 3.0(1.0) Throwing
 + Level 4.8(2.7) Armour
 + Level 1.5(0.0) Dodging
 + Level 1.5(0.0) Stealth
 + Level 3.0(1.0) Shields
 + Level 1.5(0.0) Unarmed Combat
 + Level 1.5(0.0) Spellcasting
 + Level 1.2(0.0) Conjurations
 + Level 1.2(0.0) Hexes
 + Level 1.2(0.0) Charms
 + Level 1.2(0.0) Summonings
 + Level 1.2(0.0) Necromancy
 + Level 1.2(0.0) Translocations
 + Level 1.2(0.0) Transmutations
 + Level 1.2(0.0) Fire Magic
 + Level 1.2(0.0) Ice Magic
 + Level 1.2(0.0) Air Magic
 + Level 1.2(0.0) Earth Magic
 + Level 1.2(0.0) Poison Magic
 + Level 1.7(0.0) Invocations
 + Level 1.5(0.0) Evocations


You had 7 spell levels left.
You didn't know any spells.

Dungeon Overview and Level Annotations

Branches:
Dungeon (3/15)

Altars:
Zin

Annotations:
D:3 Terence


Innate Abilities, Weirdness & Mutations

Your experience applies equally to all skills.
You have very sharp teeth.
Your uncanny sense of smell can sniff out nearby items.


Message History

You feel better. Terence barely misses you.
You closely miss Terence.
Terence is almost dead.
Terence hits you with a flail of draining!
* * * LOW HITPOINT WARNING * * *
You feel drained.
* * * LOW HITPOINT WARNING * * *
Throwing (i - inventory)
p - 5 javelins (quivered)
Press: ? - help, Shift-Dir - straight line, f/p - Terence
Aim: Terence, wielding a flail of draining and wearing a runed scale mail (almost dead)
You throw a javelin. The javelin closely misses Terence.
Terence barely misses you.
Throwing (i - inventory)
p - 4 javelins (quivered)
Press: ? - help, Shift-Dir - straight line, f/p - Terence
Aim: Terence, wielding a flail of draining and wearing a runed scale mail (almost dead)
You throw a javelin.
The javelin hits Terence but does no damage.
Terence is almost dead.
Terence hits you with a flail of draining.
You die...

###### .....# #. .#. ####.#
#.##.#. #...# #.#..... #.###
#.#..#.# #.# #.#..#.# #.######..
#.#..#.# .# #.........
#.#.#..#.# .# #........#
#(.@@..#.# .#
###.#####.#.....#.##.#########.#
.....# ....(..#............#.#
#.##.####.#(#.###..#.###.###.#.#
..†.....# # #. #..#.#.......#.#
#.##.##.# # #..#.#.#.......#
#.....# # #..#.#.#.###.#.#
#..#..#<# #..#.#.#.# #.#...
#..#..#.# #..#...... #.####


You could see Terence.

Vanquished Creatures
  A crimson imp (D:3)
  7 adders
  2 worms
  A dart slug (D:1)
  3 leopard geckos
  An orc (D:3)
  5 giant cockroaches
  14 goblins
  8 hobgoblins
  4 kobolds
  3 quokkas
  A ball python (D:1)
  8 bats
  A frilled lizard (D:1)
  5 rats
64 creatures vanquished.

Notes
Turn   | Place    | Note
-------+----------+-------------------------------------------
     0 | D:1      | xccam the Gnoll Wanderer began the quest for the Orb.
     0 | D:1      | xccam set off with: a +2 shortbow, 26 arrows, a +0 ring mail, a +0 mace, a ration
     0 | D:1      | Reached XP level 1. HP: 20/20 MP: 1/1
    44 | D:1      | Reached XP level 2. HP: 26/26 MP: 2/2
   239 | D:1      | Reached XP level 3. HP: 31/31 MP: 3/3
   774 | D:2      | Reached skill level 1 in Invocations
   853 | D:2      | Reached skill level 1 in Short Blades
   853 | D:2      | Reached skill level 1 in Long Blades
   853 | D:2      | Reached skill level 1 in Axes
   853 | D:2      | Reached skill level 1 in Polearms
   853 | D:2      | Reached skill level 1 in Staves
   853 | D:2      | Reached skill level 1 in Slings
   853 | D:2      | Reached skill level 1 in Crossbows
   853 | D:2      | Reached skill level 1 in Dodging
   853 | D:2      | Reached skill level 1 in Stealth
   853 | D:2      | Reached skill level 1 in Unarmed Combat
   853 | D:2      | Reached skill level 1 in Spellcasting
   853 | D:2      | Reached skill level 1 in Evocations
   862 | D:2      | Reached XP level 4. HP: 22/38 MP: 5/5
  1496 | D:2      | Reached skill level 1 in Conjurations
  1496 | D:2      | Reached skill level 1 in Hexes
  1496 | D:2      | Reached skill level 1 in Charms
  1496 | D:2      | Reached skill level 1 in Summonings
  1496 | D:2      | Reached skill level 1 in Necromancy
  1496 | D:2      | Reached skill level 1 in Translocations
  1496 | D:2      | Reached skill level 1 in Transmutations
  1496 | D:2      | Reached skill level 1 in Fire Magic
  1496 | D:2      | Reached skill level 1 in Ice Magic
  1496 | D:2      | Reached skill level 1 in Air Magic
  1496 | D:2      | Reached skill level 1 in Earth Magic
  1496 | D:2      | Reached skill level 1 in Poison Magic
  1624 | D:2      | Found a glowing silver altar of Zin.
  1865 | D:3      | Noticed Grinder
  1866 | D:3      | Noticed Grinder
  1866 | D:3      | Grinder changed into Grinder the crimson imp
  1872 | D:3      | Reached XP level 5. HP: 43/43 MP: 6/6
  1914 | D:3      | Killed Grinder the crimson imp
  2181 | D:3      | Noticed Terence
  2193 | D:3      | HP: 1/43 [Terence/flail of draining (4)]
  2195 | D:3      | Slain by Terence

Vault maps used:
D:1:      tarquinn_simple_flora_water_e
D:2:      first_ration, lemuel_tele_altar
D:3:      uniq_terence, uniq_grinder

Skill      XL: |  1  2  3  4  5 |
---------------+----------------+-----
Invocations    | 1 |  1.7
Short Blades   | 1 |  1.5
Long Blades    | 1 |  1.5
Axes           | 1 |  1.5
Polearms       | 1 |  1.5
Staves         | 1 |  1.5
Slings         | 1 |  1.5
Crossbows      | 1 |  1.5
Dodging        | 1 |  1.5
Stealth        | 1 |  1.5
Unarmed Combat | 1 |  1.5
Spellcasting   | 1 |  1.5
Evocations     | 1 |  1.5
Conjurations   | 1 |  1.2
Hexes          | 1 |  1.2
Charms         | 1 |  1.2
Summonings     | 1 |  1.2
Necromancy     | 1 |  1.2
Translocations | 1 |  1.2
Transmutations | 1 |  1.2
Fire Magic     | 1 |  1.2
Ice Magic      | 1 |  1.2
Air Magic      | 1 |  1.2
Earth Magic    | 1 |  1.2
Poison Magic   | 1 |  1.2
Throwing       | 3 |  3.0
Shields        | 3 |  3.0
Fighting       | |  4.8
Maces & Flails | |  4.8
Bows           | |  4.8
Armour         | |  4.8

Action                   |  1- 3 |  4- 6 || total
-------------------------+-------+-------++-------
Melee: Mace              |    95 |   142 ||   237
       Bite              |    10 |    11 ||    21
       Punch             |     1 |       ||     1
Throw: Javelin           |       |     7 ||     7
Evoke: Wand              |       |     1 ||     1
  Use: Potion            |       |     1 ||     1
 Stab: Sleeping          |       |     1 ||     1
  Eat: Chunk             |       |     4 ||     4
Armor: Ring mail         |    50 |    61 ||   111
Dodge: Dodged            |    46 |    74 ||   120

Table legend:
 A = Spawn XP
 B = Non-spawn XP
 C = Spawn XP percentage of total XP
 D = Spawn monster count
 E = Non-spawn monster count
 F = Spawn count percentage of total count
 G = Total turns spent on level
                    A         B        C        D         E        F      G
               +---------+---------+-------+---------+---------+-------+---------
         Total |       0 |     249 |   0.0 |       0 |      64 |   0.0 |  2195
               +---------+---------+-------+---------+---------+-------+---------
           D:1 |       0 |      56 |   0.0 |       0 |      25 |   0.0 |   769
           D:2 |       0 |      84 |   0.0 |       0 |      27 |   0.0 |   881
           D:3 |       0 |     109 |   0.0 |       0 |      12 |   0.0 |   545
               +---------+---------+-------+---------+---------+-------+---------
